AoeStats
← Chiripa605

Black Forest

508718934Analyzed
4v4 RM · 8d ago on Sep 23, 2026· 34m 43s· 8 players
Game mode
Random Map
Map size
Large (8 player)
Population
200
Speed
Normal
Resources
Standard
Victory
Conquest
Starting age
Dark Age
Ending age
Imperial Age
RankedLock teamsTeams togetherTeam positionsShared explorationLock speedFull tech treeHidden civsTurbo modeCheats
Victory
Defeat
🇭🇺 Varangians · Hungary
1690
+8
🇭🇺 Danes · Hungary
1615
+11
🇭🇺 Saracens · Hungary
1606
+11
🇭🇺 Franks · Hungary
1284
+67
🇳🇴 Cumans · Norway
1550
-16
🇦🇷 Franks · Argentina
1506
-14
🇺🇸 Bengalis · United States
1455
-12
🇷🇺 Persians · Russia
1441
-11
Chiripa605
0:43 Loom
13:06 Feudal Age
18:25 Gold Mining
19:01 Horse Collar
19:16 Fletching
23:25 Castle Age
23:09 Stone Mining
24:05 Bodkin Arrow
23:40 Crossbowman
26:12 Gold Shaft Mining
27:45 Wheelbarrow
28:40 Heavy Plow
30:50 Hand Cart
Politox
6:30 Loom
11:53 Feudal Age
12:26 Double-Bit Axe
13:09 Gold Mining
15:26 Castle Age
13:53 Scale Barding Armor
13:59 Forging
17:51 Husbandry
20:33 Bow Saw
21:42 Chain Barding Armor
27:09 Fervor
31:50 Iron Casting
daMastah2
9:27 Feudal Age
10:30 Double-Bit Axe
10:25 Horse Collar
11:31 Loom
14:51 Wheelbarrow
14:51 Gold Mining
19:35 Town Watch
24:18 Castle Age
22:50 Stone Mining
24:23 Scale Barding Armor
24:28 Forging
26:03 Gold Shaft Mining
25:45 Hand Cart
26:25 Chain Barding Armor
26:40 Iron Casting
27:12 Bloodlines
29:10 Coinage
30:09 Bow Saw
29:59 Heavy Plow
Welldone
0:49 Loom
11:08 Feudal Age
16:20 Castle Age
14:38 Double-Bit Axe
16:27 Horse Collar
23:03 Fletching
25:59 Heavy Plow
26:30 Stone Mining
29:56 Stone Shaft Mining
29:42 Bodkin Arrow
32:58 Imperial Age
33:17 Murder Holes
34:21 Masonry
trombi
1:36 Loom
12:10 Feudal Age
12:56 Double-Bit Axe
16:08 Castle Age
17:48 Bow Saw
24:25 Wheelbarrow
25:56 Hand Cart
25:33 Gold Mining
29:36 Imperial Age
28:16 Scale Barding Armor
28:13 Husbandry
30:05 Chain Barding Armor
31:21 Chemistry
29:58 Cavalier
31:24 Plate Barding Armor
32:16 Conscription
31:49 Paladin
33:26 Forging
33:41 Chivalry
34:53 Iron Casting
2EZ_Lui_
1:31 Loom
10:19 Feudal Age
10:20 Man-at-Arms
10:59 Arson
11:27 Double-Bit Axe
11:38 Horse Collar
20:27 Castle Age
20:32 Scale Mail Armor
21:21 Bow Saw
21:12 Heavy Plow
20:34 Long Swordsman
21:00 Gambesons
21:17 Squires
22:41 Chain Mail Armor
27:59 Wheelbarrow
33:34 Hand Cart
33:05 Town Watch
37:00 Imperial Age
2ez Scipi
11:45 Feudal Age
15:38 Castle Age
14:19 Double-Bit Axe
14:17 Horse Collar
15:08 Gold Mining
26:16 Loom
34:23 Wheelbarrow
2EZ.Rolo
11:43 Feudal Age
13:30 Double-Bit Axe
15:54 Castle Age
13:49 Horse Collar
17:39 Bow Saw
27:20 Heavy Plow
28:46 Wheelbarrow
27:57 Loom
31:01 Hand Cart
30:31 Town Watch
31:06 Bloodlines
30:57 Husbandry
32:13 Gold Mining
32:13 Stone Mining
35:42 Imperial Age
33:40 Forging
33:36 Scale Barding Armor
35:45 Iron Casting
35:31 Chain Barding Armor
Connection lost

Rejoining the realm…

Still unreachable

The connection could not be restored.

Session expired

The server has moved on; the page needs a fresh start.